Map: Густые джунгли РВ

Players

IIIIIIIIIIII

  • Race: Terran Terran
  • Spawn Location: 1:00

Giggo

  • Race: Zerg Zerg
  • Spawn Location: 3:00

DORO

  • Race: Zerg Zerg
  • Spawn Location: 1:00

ҒƸǺƮŨŖÉ

  • Race: Terran Terran
  • League: Diamond
  • Spawn Location: 7:00

MasS

  • Race: Terran Terran
  • Spawn Location: 7:00

defaultPl

  • Race: Terran Terran
  • Spawn Location: 7:00

VOD

Have the link to the VOD?

Description

Time

  • Played on: Feb. 3, 2024, 8:25 a.m.
  • Length: 12:32
Show
View Real Time Build Order
Export as new Build Order

IIIIIIIIIIII Terran 

Build Orders:  

Get SALT Encoding   

  12  0:00  SCV  
  13  0:12  SCV  
  14  0:18  Supply Depot  
  14  0:25  SCV  
  15  0:40  SCV  
  16  0:43  Barracks  
  16  0:47  Refinery  
  16  0:52  SCV  
  17  0:59  Barracks  
  17  1:04  SCV  
  18  1:16  SCV  
  19  1:30  Orbital Command, Reaper  
  20  1:33  Supply Depot  
  20  1:48  Reaper  
  21  1:56  SCV  
  22  2:06  Reaper  
  22  2:08  SCV  
  24  2:15  Refinery  
  24  2:20  SCV  
  25  2:27  Command Center  
  25  2:30  Barracks Reactor  
  25  2:32  SCV  
  26  2:44  SCV  
  26  2:45  Barracks Tech Lab  
  27  2:56  SCV  
  28  3:09  Stimpack, SCV  
  28  3:10  Marine x2  
  28  3:12  Command Center  
  31  3:16  Marine  
  31  3:29  Factory  
  31  3:38  Marine x3  
  31  3:39  SCV  
  36  3:49  Orbital Command  
  36  3:51  SCV  
  36  3:56  Marine x3  
  39  4:04  SCV  
  39  4:14  Marine x2  
  39  4:15  SCV  
  39  4:16  SCV  
  43  4:20  Factory Reactor, Starport  
  42  4:24  Orbital Command  
  42  4:27  SCV  
  42  4:28  SCV  
  44  4:31  Marine  
  44  4:32  Marine  
  44  4:37  Refinery  
  46  4:39  Supply Depot  
  46  4:41  Marine  
  46  4:44  SCV  
  48  4:46  SCV  
  48  4:49  Combat Shield, Marine  
  48  4:52  SCV  
  51  4:56  SCV  
  52  5:00  SCV  
  52  5:04  SCV  
  52  5:05  Marine  
  52  5:06  Medivac x2  
  59  5:07  Marine x2  
  59  5:08  SCV  
  59  5:12  Supply Depot  
  59  5:13  SCV  
  63  5:14  Supply Depot  
  63  5:16  SCV  
  63  5:18  Factory Tech Lab  
  63  5:20  SCV  
  65  5:25  SCV  
  65  5:26  Refinery  
  65  5:28  SCV  
  67  5:32  SCV  
  67  5:33  Engineering Bay x2  
  68  5:37  Marine x3, SCV  
  68  5:40  Siege Tank, SCV  
  76  5:47  SCV  
  76  5:49  Supply Depot, SCV  
  78  5:51  Supply Depot  
  78  5:55  Marine  
  78  5:56  Marine x2  
  81  5:57  SCV  
  81  5:59  SCV  
  81  6:01  Terran Infantry Weapons Level 1, Terran Infantry Armor Level 1, SCV  
  84  6:09  SCV  
  84  6:11  SCV, Medivac x2  
  89  6:13  Marine x2  
  89  6:14  Supply Depot  
  89  6:16  Supply Depot  
  89  6:18  Marine, SCV  
  93  6:21  SCV  
  93  6:23  Siege Tank  
  93  6:24  SCV  
  99  6:30  Marine, SCV  
  98  6:44  Marine  
  98  6:45  Marine  
  98  6:46  Medivac x2  
  94  6:48  Marine  
  94  6:51  SCV  
  94  6:52  SCV x2  
  90  6:55  Siege Tank  
  89  7:02  Marine x2  
  89  7:04  SCV x3  
  89  7:06  Marine  
  95  7:12  Command Center  
  95  7:16  Barracks, SCV x2  
  95  7:18  Barracks x2  
  95  7:20  Marine x2  
  99  7:23  SCV  
  99  7:24  Marine  
  99  7:26  Refinery x2  
  99  7:28  SCV  
  102  7:30  Missile Turret  
  102  7:31  Sensor Tower  
  102  7:32  Missile Turret  
  102  7:34  Siege Tank  
  105  7:37  SCV x2  
  105  7:38  Marine x2  
  105  7:40  SCV  
  105  7:42  Marine  
  111  7:46  Armory  
  111  7:49  SCV  
  112  7:52  Supply Depot  
  112  7:53  SCV x2, Supply Depot  
  112  7:54  Supply Depot  
  112  7:55  Supply Depot  
  112  7:56  Marine x2  
  112  7:57  Supply Depot  
  116  7:59  Marine  
  116  8:01  SCV  
  92  8:13  Barracks Reactor x3  
  92  8:14  Marine x2  
  92  8:15  SCV x3  
  92  8:17  Siege Tank, Marine  
  101  8:22  Supply Depot  
  101  8:24  Supply Depot  
  101  8:26  Supply Depot  
  101  8:27  SCV x3  
  102  8:31  Marine  
  102  8:32  Marine  
  102  8:33  Terran Vehicle Weapons Level 1  
  106  8:35  Missile Turret x2, Marine  
  107  8:47  Missile Turret  
  101  8:49  Marine x6  
  101  8:50  Siege Tank  
  101  8:52  Medivac x2  
  101  8:53  Marine  
  101  8:55  Missile Turret  
  112  8:57  Missile Turret  
  112  9:00  SCV x2  
  112  9:01  SCV  
  115  9:07  Terran Infantry Weapons Level 2, Barracks, Marine x2  
  115  9:08  Barracks, Terran Infantry Armor Level 2  
  117  9:10  Barracks, Factory  
  117  9:11  Marine  
  117  9:12  SCV  
  117  9:13  SCV x2  
  121  9:19  Missile Turret  
  121  9:23  Missile Turret  
  121  9:24  SCV  
  121  9:25  Marine x2, SCV  
  121  9:27  Missile Turret x2  
  121  9:30  Sensor Tower, Missile Turret x2, Marine x2  
  121  9:31  Marine  
  128  9:33  Missile Turret x2  
  128  9:35  SCV  
  128  9:36  SCV  
  128  9:37  SCV  
  131  9:40  Planetary Fortress  
  131  9:44  Medivac x2  
  135  9:46  Marine  
  135  9:49  Marine x3  
  135  9:50  Marine x5  
  144  9:58  Missile Turret  
  144  9:59  Missile Turret  
  144  10:00  Missile Turret  
  144  10:05  Barracks Reactor  
  144  10:06  Barracks Reactor x2  
  144  10:07  Factory Tech Lab  
  144  10:14  Command Center  
  144  10:31  Medivac x2  
  144  10:32  Siege Tank x2, Marine  
  144  10:33  Marine x8  
  162  10:45  Marine  
  162  10:46  Marine x5  
  168  10:50  Marine  
  168  10:51  Marine x8  
  168  10:52  Missile Turret  
  168  10:54  Missile Turret  
  173  11:01  Medivac  
  173  11:03  Marine  
  173  11:04  Siege Tank x2, Marine x2  
  162  11:06  Marine  
  162  11:07  Marine x2  
  162  11:08  Marine x5, Medivac  
  162  11:09  Marine x3  
  162  11:10  Supply Depot  
  183  11:12  Marine  
  184  11:21  Marine x2  
  184  11:22  Marine  
  184  11:24  Marine x2  
  189  11:31  Medivac  
  189  11:32  Marine  
  192  11:33  Marine x8  
  200  11:46  Planetary Fortress, Marine x6  
  189  11:50  Marine x2  
  189  11:51  Marine x7  
  189  12:04  Marine x5  
  178  12:13  Marine  
  178  12:14  Marine x9  
  196  12:17  Refinery  
  196  12:18  Refinery  
Show
View Real Time Build Order
Export as new Build Order

Giggo Zerg 

Build Orders: Hatch First 

Get SALT Encoding   

  12  0:01  Drone  
  13  0:09  Drone  
  14  0:35  Hatchery  
  13  0:38  Drone  
  14  0:56  Spawning Pool  
  13  0:58  Drone  
  13  1:01  Extractor  
  13  1:03  Drone  
  14  1:12  Overlord  
  14  1:32  Drone x3  
  17  1:42  Queen  
  17  1:44  Drone  
  20  1:47  Drone  
  21  1:54  Drone  
  21  2:00  Drone  
  23  2:04  Metabolic Boost  
  23  2:10  Overlord  
  23  2:16  Drone x2  
  25  2:24  Drone  
  26  2:34  Drone  
  26  2:35  Extractor, Drone  
  27  2:38  Drone  
  27  2:42  Zergling x2  
  29  2:44  Lair  
  29  2:48  Drone  
  30  2:53  Drone  
  31  2:59  Drone  
  31  3:04  Drone  
  33  3:09  Drone  
  34  3:20  Zergling x2  
  34  3:24  Zergling x2  
  34  3:26  Overlord x2, Hatchery  
  35  3:43  Queen  
  37  3:53  Spire  
  36  4:00  Drone x2  
  36  4:01  Drone x6  
  36  4:02  Drone  
  45  4:08  Extractor  
  44  4:15  Overlord x2  
  44  4:25  Drone  
  44  4:26  Drone  
  44  4:29  Extractor  
  45  4:31  Overlord  
  45  4:43  Drone x2  
  45  4:44  Drone  
  48  4:47  Queen  
  48  4:50  Drone x2  
  52  4:57  Overlord  
  52  5:08  Mutalisk x6  
  52  5:14  Zerg Flyer Weapons Level 1  
  64  5:18  Overlord  
  64  5:24  Drone  
  64  5:25  Drone x4  
  69  5:37  Drone  
  69  5:38  Drone x6  
  69  5:41  Extractor  
  75  5:45  Drone  
  76  6:04  Mutalisk  
  76  6:05  Mutalisk x4  
  76  6:06  Extractor  
  76  6:07  Drone x3  
  88  6:20  Evolution Chamber x2  
  88  6:22  Infestation Pit  
  85  6:26  Hatchery  
  85  6:27  Drone x4  
  85  6:28  Drone x2  
  85  6:30  Drone x2  
  85  6:32  Drone  
  91  7:20  Mutalisk  
  91  7:21  Mutalisk x2  
  97  7:25  Overlord x3  
  97  7:27  Hive  
  97  7:31  Zerg Melee Weapons Level 1, Zerg Ground Armor Level 1  
  97  7:34  Zerg Flyer Weapons Level 2  
  97  7:42  Queen  
  99  7:50  Mutalisk x6  
  111  7:54  Overlord x5  
  112  7:58  Drone  
  112  7:59  Drone x8  
  120  8:14  Extractor x2, Drone x2  
  120  8:15  Drone  
  120  8:16  Drone x2  
  120  8:17  Drone  
  124  8:34  Mutalisk  
  124  8:35  Mutalisk x5  
  124  8:39  Adrenal Glands  
  130  9:36  Extractor  
  130  9:37  Hatchery  
  128  9:38  Extractor  
  125  9:49  Mutalisk x2  
  125  9:50  Mutalisk x13  
  151  9:58  Drone x3  
  151  9:59  Drone x3  
  157  10:02  Zerg Melee Weapons Level 2  
  157  10:04  Zerg Ground Armor Level 2  
  145  11:13  Mutalisk  
  145  11:14  Mutalisk x11  
  169  11:35  Overlord x4  
  169  11:58  Mutalisk x2  
  169  11:59  Mutalisk x10  
Show
View Real Time Build Order
Export as new Build Order

DORO Zerg 

Build Orders: Hatch First 

Get SALT Encoding   

  12  0:00  Drone  
  13  0:14  Drone  
  13  0:21  Overlord  
  14  0:50  Hatchery  
  13  1:01  Spawning Pool  
  12  1:04  Extractor  
  12  1:06  Drone  
  12  1:10  Drone  
  13  1:15  Drone  
  14  1:32  Drone x2  
  16  1:41  Drone  
  17  1:47  Queen  
  19  1:55  Drone  
  20  2:02  Queen  
  20  2:08  Overlord  
  22  2:17  Zergling x2  
  23  2:24  Metabolic Boost  
  23  2:38  Zergling x2  
  23  2:39  Zergling x4  
  26  2:46  Zergling x2  
  26  2:47  Zergling x4  
  29  2:58  Hatchery  
  28  3:05  Drone x3  
  31  3:13  Drone x2  
  31  3:14  Drone  
  34  3:21  Overlord  
  34  3:32  Drone x2  
  36  3:45  Drone x3  
  36  3:46  Drone  
  40  3:51  Extractor  
  40  3:55  Spore Crawler  
  38  4:07  Drone  
  38  4:08  Drone x5  
  43  4:17  Drone x3  
  46  4:24  Drone x2  
  46  4:25  Drone x2  
  45  4:40  Zergling x6  
  45  4:42  Extractor  
  45  4:43  Queen  
  45  4:44  Extractor, Lair  
  47  4:47  Overlord x2  
  47  4:48  Overlord  
  47  4:52  Spore Crawler  
  46  4:55  Zergling x6  
  49  5:02  Zergling x2  
  50  5:22  Drone x4  
  54  5:31  Drone x4, Baneling Nest  
  54  5:32  Drone x3  
  60  5:57  Spine Crawler  
  60  6:01  Spine Crawler  
  58  6:06  Hatchery  
  58  6:08  Drone x2  
  58  6:09  Drone x3, Overlord x3  
  62  6:17  Centrifugal Hooks  
  62  6:18  Infestation Pit  
  61  6:33  Drone x3  
  61  6:34  Drone x2  
  61  6:35  Overseer x2  
  61  6:37  Evolution Chamber  
  61  6:38  Pneumatized Carapace, Evolution Chamber  
  64  6:50  Zergling x6  
  64  6:51  Zergling x2  
  64  6:53  Spore Crawler  
  67  6:56  Zergling x2  
  67  6:57  Zergling x6  
  71  7:08  Zergling x6  
  73  7:25  Extractor  
  73  7:26  Extractor, Drone  
  73  7:27  Drone x5  
  77  7:32  Hive  
  77  7:39  Zerg Melee Weapons Level 1, Zerg Ground Armor Level 1  
  77  7:46  Spore Crawler  
  77  7:49  Drone x3, Spine Crawler  
  78  7:51  Spine Crawler  
  78  7:54  Zergling x6  
  78  7:55  Zergling x6  
  83  8:02  Baneling  
  83  8:03  Baneling x4  
  83  8:07  Drone x3  
  83  8:08  Drone x2, Overlord x2  
  88  8:15  Hatchery  
  87  8:33  Spore Crawler  
  86  8:40  Baneling x4  
  86  8:41  Overlord x5  
  86  8:48  Ultralisk Cavern  
  85  8:58  Zergling x2  
  85  8:59  Zergling x20  
  85  9:00  Queen  
  98  9:05  Spine Crawler  
  97  9:13  Spine Crawler  
  96  9:28  Queen  
  98  9:36  Anabolic Synthesis, Queen  
  98  9:37  Ultralisk x3  
  98  9:38  Ultralisk  
  124  9:43  Ultralisk  
  130  9:49  Ultralisk  
  136  10:16  Ultralisk x2  
  136  10:17  Overlord x5  
  136  10:18  Chitinous Plating, Overlord  
  146  10:55  Zergling x2  
  146  10:56  Zergling x10  
  139  11:07  Zergling x18  
  139  11:08  Zergling x14  
  135  11:16  Zergling x2  
  130  11:28  Zergling x2  
  130  11:29  Zergling x8  
  135  11:37  Baneling x5  
  135  11:38  Baneling x3  
  114  11:56  Zergling x4  
  114  11:57  Zergling x8  
  114  12:12  Zergling x4  
  116  12:16  Spore Crawler  
Show
View Real Time Build Order
Export as new Build Order

ҒƸǺƮŨŖÉ Terran 

Build Orders:  

Get SALT Encoding   

  12  0:00  SCV  
  13  0:12  SCV  
  14  0:19  Supply Depot  
  14  0:24  SCV  
  15  0:40  SCV  
  16  0:43  Barracks  
  16  0:46  Refinery  
  16  0:52  SCV  
  17  1:04  SCV  
  18  1:17  SCV  
  20  1:33  Orbital Command, Reaper  
  20  1:52  Command Center  
  20  1:53  Barracks  
  20  1:59  SCV  
  21  2:05  Barracks Reactor  
  21  2:11  Supply Depot  
  21  2:14  SCV  
  22  2:16  Refinery  
  22  2:27  SCV  
  22  2:29  Factory  
  23  2:40  SCV  
  23  2:45  Barracks Tech Lab, Marine  
  23  2:46  Marine  
  25  2:52  SCV  
  26  3:03  Marine x2  
  26  3:04  SCV  
  29  3:07  Stimpack  
  29  3:08  Marine  
  31  3:15  Orbital Command  
  30  3:21  Starport  
  30  3:23  Marine  
  30  3:25  Marine  
  32  3:28  Factory Reactor  
  32  3:32  SCV  
  33  3:46  SCV  
  34  3:50  Marine x2, SCV  
  34  3:52  Marine  
  38  3:58  SCV  
  39  4:08  Marine x2  
  36  4:11  Marine  
  37  4:18  SCV x2  
  39  4:26  Marine x2  
  39  4:29  Supply Depot  
  39  4:30  Marine, SCV x2  
  46  4:44  Supply Depot, Marine x2  
  46  4:50  Combat Shield, SCV x2  
  46  4:52  Medivac x2  
  52  4:53  Marine  
  53  5:03  Barracks, SCV  
  54  5:08  Factory Tech Lab  
  54  5:09  SCV  
  54  5:10  Engineering Bay  
  55  5:15  SCV  
  55  5:19  Supply Depot  
  55  5:20  Supply Depot  
  55  5:21  Marine x2  
  56  5:22  SCV  
  59  5:29  Marine  
  60  5:36  Supply Depot  
  60  5:38  Command Center  
  60  5:39  SCV, Marine  
  62  5:49  Refinery  
  62  5:50  Terran Infantry Weapons Level 1  
  62  5:54  Barracks Reactor  
  62  5:57  Missile Turret  
  62  6:03  SCV  
  63  6:05  Missile Turret  
  63  6:14  Barracks  
  63  6:15  Barracks  
  63  6:16  Widow Mine, Engineering Bay  
  63  6:17  Missile Turret x2  
  65  6:19  Marine  
  65  6:20  Marine  
  65  6:21  SCV  
  65  6:25  SCV  
  69  6:30  Refinery  
  69  6:31  Marine  
  69  6:32  Marine  
  71  6:39  Marine x3  
  74  6:49  Marine x2  
  76  6:56  Marine  
  76  6:57  Marine  
  63  7:09  Barracks Reactor x2  
  63  7:12  Marine  
  63  7:13  Marine  
  63  7:14  SCV x2  
  65  7:16  Orbital Command  
  65  7:21  Marine x3, Medivac  
  67  7:26  SCV x2  
  67  7:28  Missile Turret  
  69  7:30  Marine x2  
  69  7:37  Barracks, Factory  
  71  7:38  SCV, Supply Depot  
  71  7:40  Barracks  
  71  7:41  SCV x2, Supply Depot  
  74  7:50  Marine x2, SCV, Widow Mine  
  79  7:53  SCV  
  79  7:54  SCV  
  79  7:58  Marine x2  
  81  8:14  Marine x3  
  81  8:15  SCV x3  
  81  8:18  Medivac x2  
  91  8:21  Terran Infantry Armor Level 1  
  91  8:23  Marine  
  91  8:24  Marine x3  
  91  8:25  Barracks Tech Lab, Starport  
  95  8:27  Barracks Reactor  
  95  8:28  SCV  
  95  8:29  SCV  
  95  8:31  Siege Tank, Factory Tech Lab  
  100  8:35  Armory  
  100  8:40  Supply Depot  
  99  8:43  Supply Depot  
  94  8:53  SCV x2  
  95  8:57  Concussive Shells  
  95  9:03  SCV  
  95  9:06  Missile Turret  
  95  9:07  Command Center  
  95  9:09  Command Center  
  96  9:12  SCV x2  
  96  9:15  Marine x6  
  104  9:17  Starport Reactor  
  104  9:20  Marine x2  
  106  9:24  Supply Depot  
  106  9:25  Supply Depot  
  106  9:27  Drilling Claws  
  106  9:31  Marine x4  
  106  9:32  Marine  
  106  9:34  SCV  
  112  9:42  Missile Turret  
  112  9:52  Missile Turret  
  112  10:02  Marine  
  112  10:03  Marine x4  
  112  10:06  Terran Infantry Weapons Level 2  
  117  10:10  Terran Vehicle And Ship Armor Level 1, Medivac, Missile Turret  
  117  10:11  Supply Depot  
  119  10:14  SCV x3  
  119  10:15  Missile Turret x2  
  122  10:21  Siege Tank, Missile Turret  
  122  10:26  SCV  
  126  10:31  Orbital Command  
  126  10:33  Supply Depot  
  126  10:39  Marine x2  
  126  10:40  Marine x4  
  131  10:44  Planetary Fortress  
  128  11:05  Marine  
  128  11:06  Marine, Marauder x2  
  130  11:16  Marine x4  
  130  11:17  Siege Tank, Marine  
  130  11:18  Medivac x2  
  138  11:20  Refinery  
  138  11:22  Refinery  
  138  11:30  Refinery x2  
  138  11:31  Marine x3  
  141  11:42  SCV x2  
  141  11:44  Marine x2  
  141  11:45  Marine  
  118  12:05  Marine x5  
  118  12:06  Marauder  
  125  12:09  Marauder  
Show
View Real Time Build Order
Export as new Build Order

MasS Terran 

Build Orders: 2 Factory, Cyclone Opening, Mech 

Get SALT Encoding   

  12  0:00  SCV  
  13  0:12  SCV  
  14  0:17  Supply Depot  
  14  0:24  SCV  
  15  0:38  SCV  
  15  0:42  Barracks  
  16  0:47  Refinery  
  16  0:51  SCV  
  16  0:54  Refinery  
  17  1:03  SCV  
  18  1:15  SCV  
  19  1:31  Orbital Command  
  19  1:36  Factory  
  19  1:39  Supply Depot  
  19  1:42  Barracks Reactor  
  19  1:57  SCV  
  20  2:03  Factory  
  20  2:09  SCV  
  21  2:21  SCV  
  22  2:26  Cyclone  
  22  2:28  Hellion  
  22  2:29  Barracks Tech Lab  
  26  2:33  Supply Depot  
  26  2:41  SCV  
  27  2:49  Widow Mine  
  29  2:55  Siege Tank  
  32  2:58  Widow Mine  
  32  3:24  Command Center  
  32  3:34  SCV  
  32  3:45  Cyclone x2  
  35  3:54  SCV  
  35  4:06  SCV  
  36  4:18  SCV  
  36  4:24  Cyclone  
  36  4:30  SCV  
  39  4:35  Cyclone  
  37  4:40  Command Center  
  37  4:43  SCV  
  38  4:55  SCV  
  39  5:11  Supply Depot  
  39  5:12  Armory  
  39  5:21  Refinery  
  39  5:23  Supply Depot  
  39  5:33  Siege Tank, Widow Mine, SCV  
  45  5:45  SCV  
  46  5:54  Cyclone  
  48  5:57  SCV, Engineering Bay  
  48  6:01  Terran Vehicle Weapons Level 1  
  48  6:03  Orbital Command  
  49  6:09  SCV  
  50  6:13  Siege Tank  
  50  6:14  Cyclone  
  55  6:23  Missile Turret  
  55  6:32  Cyclone  
  57  6:45  Cyclone  
  57  6:48  Cyclone  
  57  6:53  SCV  
  60  6:59  Refinery  
  60  7:04  Cyclone  
  60  7:07  SCV  
  60  7:08  SCV  
  64  7:11  Missile Turret  
  64  7:17  Cyclone  
  64  7:20  Cyclone  
  64  7:22  SCV x2  
  70  7:28  Supply Depot  
  70  7:33  Factory  
  70  7:35  Factory  
  70  7:42  Supply Depot  
  70  7:45  Supply Depot  
  70  7:49  Cyclone, SCV x2  
  74  7:55  Missile Turret  
  74  8:01  SCV x2  
  62  8:13  SCV x2  
  64  8:21  Factory Tech Lab x2  
  64  8:23  Terran Vehicle And Ship Armor Level 1  
  64  8:25  SCV  
  64  8:26  SCV  
  66  8:38  SCV x2  
  68  8:48  Siege Tank x2  
  71  8:49  Widow Mine x3  
  71  8:54  Drilling Claws  
  71  8:55  Hurricane Engines  
  80  8:59  SCV x2  
  82  9:08  Command Center  
  82  9:11  SCV x2  
  82  9:42  Cyclone x3  
  82  9:43  Cyclone x2  
  92  9:54  SCV x2  
  92  9:56  Missile Turret  
  92  9:57  Missile Turret  
  94  10:08  Missile Turret  
  94  10:13  Factory x2  
  94  10:17  Cyclone, SCV x2, Supply Depot  
  94  10:20  Supply Depot  
  98  10:22  Supply Depot  
  98  10:29  SCV  
  99  10:39  Cyclone x4  
  107  10:49  Cyclone  
  98  11:23  Orbital Command, Refinery x2  
  98  11:26  SCV x2  
  100  11:38  SCV  
  78  11:56  Cyclone  
  78  11:57  Cyclone x4  
  77  12:03  Factory Reactor x2  
  73  12:12  SCV x2  
  75  12:17  SCV  
Show
View Real Time Build Order
Export as new Build Order

defaultPl Terran 

Build Orders: Liberator Opening, Reaper Expand 

Get SALT Encoding   

  12  0:00  SCV  
  13  0:12  SCV  
  14  0:18  Supply Depot  
  14  0:24  SCV  
  15  0:40  SCV  
  15  0:41  Barracks  
  16  0:46  Refinery  
  16  0:52  SCV  
  18  1:04  SCV  
  18  1:16  SCV  
  19  1:28  Orbital Command  
  19  1:29  Reaper  
  20  1:42  Command Center  
  20  1:56  Supply Depot  
  20  1:58  SCV  
  21  2:01  Refinery  
  21  2:06  Marine  
  22  2:10  SCV  
  24  2:22  SCV  
  24  2:24  Marine  
  24  2:32  Factory  
  24  2:34  SCV  
  25  2:47  SCV  
  25  2:48  Barracks Reactor  
  26  2:55  Orbital Command  
  26  2:59  SCV  
  26  3:11  SCV  
  27  3:15  Factory Tech Lab  
  27  3:16  Starport  
  27  3:22  SCV  
  27  3:23  SCV  
  27  3:25  Marine x2  
  31  3:33  Siege Tank  
  31  3:34  SCV  
  35  3:35  SCV  
  36  3:44  Marine x2, Supply Depot  
  36  3:46  SCV  
  36  3:47  SCV  
  40  3:53  Liberator  
  43  3:56  Barracks  
  43  3:58  SCV  
  43  3:59  SCV  
  45  4:09  Siege Tank, Marine  
  48  4:10  SCV, Marine  
  48  4:11  SCV  
  48  4:15  Supply Depot  
  52  4:22  SCV  
  52  4:23  SCV  
  54  4:36  SCV, Marine x2  
  54  4:37  SCV  
  54  4:38  Supply Depot  
  58  4:44  Siege Tank, Barracks Tech Lab  
  61  4:48  SCV, Refinery  
  61  4:49  Refinery  
  62  4:54  Starport Reactor  
  62  4:59  SCV, Marine x2  
  65  5:01  SCV  
  65  5:04  Barracks  
  65  5:06  Barracks  
  66  5:08  Marine  
  66  5:11  SCV  
  68  5:16  Supply Depot  
  68  5:17  Marine x2  
  68  5:20  Engineering Bay  
  70  5:25  Engineering Bay  
  70  5:37  Supply Depot  
  70  5:38  Siege Tank, Medivac, Marine, SCV x2  
  78  5:49  Terran Infantry Weapons Level 1  
  78  5:53  Barracks Reactor  
  78  5:57  SCV x2  
  78  6:00  Missile Turret  
  78  6:01  Supply Depot  
  77  6:05  Missile Turret  
  77  6:08  Missile Turret  
  77  6:13  Missile Turret  
  77  6:14  Barracks Reactor  
  77  6:25  Command Center, Terran Infantry Armor Level 1  
  69  6:52  SCV x2  
  71  6:59  Barracks Tech Lab  
  71  7:04  SCV x2  
  73  7:10  Missile Turret  
  73  7:15  Missile Turret  
  73  7:16  SCV x2  
  73  7:17  Marine  
  73  7:18  Marine x6  
  73  7:19  Missile Turret  
  73  7:22  Stimpack  
  82  7:28  Supply Depot x2, SCV  
  83  7:34  Medivac x2  
  83  7:35  Siege Tank  
  90  7:42  Orbital Command  
  91  7:44  SCV x2  
  92  7:53  Armory  
  92  7:55  Marine x4  
  92  7:56  Marine x3  
  99  8:05  Medivac  
  99  8:06  Medivac  
  103  8:19  Marine x7  
  110  8:35  Barracks  
  110  8:36  Barracks, Marine  
  110  8:37  Siege Tank, Medivac x2, Marine x6  
  124  8:55  Marine  
  124  9:02  Combat Shield  
  125  9:03  Supply Depot  
  125  9:05  Supply Depot  
  125  9:08  Supply Depot  
  125  9:17  Terran Infantry Weapons Level 2, Terran Infantry Armor Level 2  
  125  9:20  Marine x3  
  125  9:24  Marine x3  
  125  9:25  Thor  
  125  9:30  Barracks Reactor, Barracks Tech Lab  
  123  9:53  Missile Turret x2  
  123  9:58  Missile Turret  
  123  10:03  Terran Vehicle Weapons Level 1  
  123  10:05  SCV x2  
  123  10:06  SCV  
  126  10:09  Refinery  
  126  10:10  Refinery  
  126  10:11  Marine  
  126  10:12  Marauder x2, Marine x7  
  138  10:15  Concussive Shells  
  138  10:17  SCV  
  138  10:18  SCV x2  
  138  10:20  Missile Turret  
  141  10:24  Siege Tank  
  144  10:30  SCV x3  
  147  10:40  Missile Turret  
  147  10:42  SCV  
  148  10:54  Command Center  
  128  11:05  Marine x3  
  128  11:06  Marine x5  
  128  11:07  Marauder  
  128  11:08  Siege Tank, Marauder  
  139  11:20  Factory  
  139  11:21  Factory  
  133  11:44  Command Center  
  89  12:02  Marine x4  
  89  12:03  Marauder, Marine x4  
  89  12:04  Marauder  
Tags
 
Add a new tag
Caveats
  • Supply blocks, unpowered buildings, or Contaminate may cause inaccurate times.
  • Supply counts are checked every 10 seconds.